 Dungeon Crawl Stone Soup version 0.25.0-9-g26727b657a (webtiles) character file.

Game seed: 6454296130064327601

1120 Gobbopathe the Tainter (level 8, -10/46 HPs)
             Began as an Octopode Venom Mage on June 16, 2020.
             Killed from afar by a hellion (16 damage)
             ... with damnation
             ... on level 1 of the Abyss.
             The game lasted 00:27:02 (6512 turns).

Gobbopathe the Tainter (Octopode Venom Mage)        Turns: 6512, Time: 00:27:03

Health: -10/46     AC:  3    Str:  8    XL:     8   Next: 34%
Magic:  14/14      EV: 13    Int: 23    God:
Gold:   260        SH:  0    Dex: 12    Spells: 7/15 levels left

rFire    . . .     SeeInvis .   a - +1 dagger (elec)
rCold    . . .     Gourm    .   (no shield)
rNeg     . . .     Faith    .   (helmet restricted)
rPois    .         Spirit   .   (no amulet)
rElec    .         Reflect  .   (no ring)
rCorr    .         Harm     .   (no ring)
MR       .....                  (no ring)
Stlth    ++++......             (no ring)
HPRegen  0.15/turn              (no ring)
MPRegen  0.14/turn              (no ring)
                                (no ring)
                                (no ring)

@: no status effects
A: almost no armour, stealthy swim, amphibious, 8 rings, constrict 8, thin
metallic scales 1, camouflage 1, clever 2, wild magic 1, gelatinous body 1
a: no special abilities


You were on level 1 of the Abyss.
You were not hungry.

You visited 2 branches of the dungeon, and saw 6 of its levels.
You visited the Abyss 1 time.

You collected 260 gold pieces.

Inventory:

Hand Weapons
 a - a +1 dagger of electrocution (weapon)
 b - a +0 hunting sling
 r - a +2 dagger of venom
 w - a +3 flail
Missiles
 c - 31 poisoned darts (quivered)
 f - 3 boomerangs of dispersal
 i - 202 stones
 s - 5 boomerangs
 t - 36 sling bullets
 u - 4 datura-tipped darts
 x - a throwing net
 z - 6 curare-tipped darts
Jewellery
 y - an uncursed ring of stealth
Wands
 k - a wand of iceblast (7)
 m - a wand of polymorph (9)
 q - a wand of disintegration (16)
 B - a wand of digging (4)
Scrolls
 e - 2 scrolls of enchant weapon
 g - 4 scrolls of remove curse
 j - 2 scrolls of fog {unknown}
 n - a scroll of enchant armour {unknown}
 p - 2 scrolls of identify {unknown}
 v - a scroll of amnesia {unknown}
 C - a scroll of teleportation {unknown}
Potions
 h - a potion of flight
 l - a potion of stabbing
 o - a potion of heal wounds {unknown}
Comestibles
 d - 8 rations
 A - 2 chunks of flesh


   Skills:
 + Level 3.3 Short Blades
 - Level 2.0 Dodging
 + Level 6.5 Stealth
 + Level 4.2 Spellcasting
 + Level 1.9 Conjurations
 - Level 1.0 Transmutations
 + Level 1.6 Air Magic
 * Level 8.0 Poison Magic


You had 7 spell levels left.
You knew the following spells:

 Your Spells              Type           Power        Failure   Level  Hunger
a - Sting                 Tmut/Pois      ####         3%          1    None
b - Mephitic Cloud        Conj/Pois/Air  ####....     10%         3    ##.....
c - Olgreb's Toxic Radia  Pois           ######..     6%          4    ####...

Your spell library contained the following spells:

 Spells                   Type           Power        Failure   Level  Hunger
 Poisonous Vapours        Pois/Air       #####.       4%          2    #......
 Ignite Poison            Fire/Tmut/Pois ###.....     13%         3    ##.....


Dungeon Overview and Level Annotations

Branches:
Dungeon (5/15)             Temple (1/1) D:5

Altars:
Ashenzari
Elyvilon
Fedhas
Hepliaklqana
Kikubaaqudgha
Makhleb
Nemelex Xobeh
Okawaru
Qazlal
Ru
Trog
Vehumet
Wu Jian
Xom
The Shining One


Innate Abilities, Weirdness & Mutations

You cannot wear most types of armour.
You are very stealthy in the water. (Stealth+)
You are amphibious.
You can wear up to eight rings at the same time.
You can use your tentacles to constrict eight enemies at once.
Your skin changes colour to match your surroundings (Stealth+).
Your rubbery body absorbs attacks. (AC +1, EV +1)
You are partially covered in thin metallic scales. (AC +2)
Your mind is very acute. (Int +4)
Your spells are a little harder to cast, but a little more powerful.


Message History

Found a plate armour.
Found 19 stones.
i - 183 stones (gained 20)
A neqoxec comes into view.
i - 202 stones (gained 19)
Okay, then.
A hellion comes into view.
The hellion gives a hideous shriek!
Found a ration.
The hellion gestures at you.
The sphere of damnation explodes!
The damnation engulfs you!!
Ouch! That really hurt!
* * * LOW HITPOINT WARNING * * *
An orange demon comes into view.
You hear a roar!
Huge Dmg: -76%(-35hp) hp: 11%(5hp)
A worldbinder comes into view.
The hellion gestures at you.
The sphere of damnation explodes!
The damnation engulfs you!
You die...

.....#...§.##%#
.......###..# ..
..#.. . # ..### .
## #2# ## ##
#...###.x.#######
.....#.....2....#
..............#.##
. ...#..........@#
#...###...#....##.#
##.## ##.##....# .#
.§ # #...#....# .#
.....#......#.. .#
. ........# .#
....... .. ..


You could see a hellion.

Vanquished Creatures
  An ice beast (D:5)
  An orc warrior (D:3)
  An ogre (D:4)
  2 centaurs (D:5)
  Blork the orc (D:4)
  A scorpion (D:4)
  2 orc wizards
  2 orc priests (D:4)
  Ijyb (D:3)
  Jessica (D:3)
  A bullfrog skeleton (D:5)
  Natasha (thrice) (D:4)
  2 worker ants
  4 gnolls (D:4)
  11 adders
  A shadow imp (D:5)
  2 oozes (D:2)
  An adder skeleton (D:4)
  3 worms
  2 leopard geckos
  17 orcs
  2 ball pythons
  A giant cockroach (D:1)
  13 goblins
  4 hobgoblins
  14 jackals
  5 kobolds
  3 quokkas (D:4)
  11 bats
  5 frilled lizards
  A jackal skeleton (D:4)
  5 rats
124 creatures vanquished.

Notes
Turn   | Place    | Note
-------+----------+-------------------------------------------
     0 | D:1      | Gobbopathe the Octopode Venom Mage began the quest for the
                  | Orb.
     0 | D:1      | Reached XP level 1. HP: 11/11 MP: 3/3
   492 | D:1      | Reached skill level 4 in Poison Magic
   492 | D:1      | Reached XP level 2. HP: 17/17 MP: 3/5
  1412 | D:2      | Found a sparkling altar of Nemelex Xobeh.
  1478 | D:2      | Reached XP level 3. HP: 21/21 MP: 1/6
  1483 | D:2      | Learned a level 3 spell: Mephitic Cloud
  1826 | D:2      | Reached XP level 4. HP: 19/27 MP: 3/7
  2186 | D:2      | Reached skill level 5 in Poison Magic
  2768 | D:3      | Noticed Jessica
  2773 | D:3      | Killed Jessica
  2864 | D:3      | Noticed an orc warrior
  2991 | D:3      | Reached XP level 5. HP: 31/31 MP: 7/9
  2997 | D:3      | Learned a level 4 spell: Olgreb's Toxic Radiance
  3295 | D:3      | Noticed Ijyb
  3329 | D:3      | Killed Ijyb
  3391 | D:3      | Killed an orc warrior
  3391 | D:3      | Reached skill level 1 in Short Blades
  3391 | D:3      | Reached skill level 6 in Poison Magic
  3391 | D:3      | Reached XP level 6. HP: 20/36 MP: 2/10
  3847 | D:3      | Reached skill level 5 in Stealth
  3861 | D:3      | Found a shattered altar of Ashenzari.
  3863 | D:3      | Found a white marble altar of Elyvilon.
  3864 | D:3      | Found a bloodstained altar of Trog.
  4008 | D:4      | Noticed Blork the orc
  4019 | D:4      | Killed Blork the orc
  4111 | D:4      | Noticed Natasha
  4131 | D:4      | Reached XP level 7. HP: 29/41 MP: 3/12
  4178 | D:4      | Killed Natasha
  4654 | D:4      | Reached skill level 7 in Poison Magic
  4959 | D:4      | Noticed Natasha
  4964 | D:4      | Killed Natasha
  4975 | D:4      | Noticed Natasha
  4981 | D:4      | Killed Natasha
  5112 | D:4      | Gained mutation: Your spells are a little harder to cast,
                  | but a little more powerful. [potion of mutation]
  5112 | D:4      | Gained mutation: Your mind is acute. (Int +2) [potion of
                  | mutation]
  5112 | D:4      | Gained mutation: Your mind is very acute. (Int +4) [potion
                  | of mutation]
  5112 | D:4      | Gained mutation: You are partially covered in thin metallic
                  | scales. (AC +2) [potion of mutation]
  5122 | D:4      | HP: 2/41 [poisoned by orc (curare-tipped dart)]
  5451 | D:4      | Found a stormy altar of Qazlal.
  5692 | D:4      | Reached skill level 1 in Conjurations
  6068 | D:5      | Entered Level 5 of the Dungeon
  6186 | D:5      | Reached skill level 1 in Air Magic
  6186 | D:5      | Reached XP level 8. HP: 46/46 MP: 12/14
  6318 | D:5      | Found a staircase to the Ecumenical Temple.
  6322 | Temple   | Entered the Ecumenical Temple
  6465 | D:5      | Reached skill level 8 in Poison Magic
  6466 | D:5      | Cast into level 1 of the Abyss (orc)
  6497 | Abyss:1  | Noticed a hellion
  6505 | Abyss:1  | Noticed an orange demon
  6511 | Abyss:1  | Noticed a worldbinder
  6512 | Abyss:1  | Killed from afar by a hellion

Illustrated notes

Levels and vault maps discovered:
D:1:      psy_arrival_terrarium, layout_loops_ring
D:2:      layout_basic, nemelex_xobeh_ov_fountains_minmay
D:3:      layout_rooms, gammafunk_temple_overflow_forgotten, first_ration,
          uniq_ijyb, uniq_jessica
D:4:      layout_loops_ring, overflow_temple_1_default, uniq_natasha,
          uniq_blork_the_orc
D:5:      layout_loops_ring, minmay_temple_entry_drinking_statues,
          hangedman_abyss_or_decor_stabs
Temple:   eino_temple_lava
Abyss:1:  base: D:12, gammafunk_corrupted_shrine

Skill      XL: |  1  2  3  4  5  6  7  8 |
---------------+-------------------------+-----
Stealth        | 3 4 5 6 |  6.5
Poison Magic   | 4 5 6 7 8 |  8.0
Short Blades   | 1 2 3 |  3.3
Spellcasting   | 3 4 |  4.2
Conjurations   | 1 |  1.9
Air Magic      | 1 |  1.6
Dodging        | |  2.0
Transmutations | |  1.0

Action                   |  1- 3 |  4- 6 |  7- 9 || total
-------------------------+-------+-------+-------++-------
Melee: Club              |    28 |       |       ||    28
       Constrict         |    13 |    13 |    14 ||    40
       Tentacles         |     7 |    15 |     8 ||    30
       Unarmed           |     2 |       |       ||     2
       Mace              |     5 |       |       ||     5
       Dagger            |    14 |    54 |    48 ||   116
 Fire: Hunting sling     |       |    14 |       ||    14
Throw: Boomerang         |     1 |       |       ||     1
       Dart              |       |     1 |    13 ||    14
 Cast: Sting             |    45 |    37 |    60 ||   142
       Mephitic Cloud    |       |     7 |     7 ||    14
  Use: Scroll            |       |     2 |       ||     2
       Potion            |       |       |     4 ||     4
 Stab: Sleeping          |     4 |     3 |     6 ||    13
       Confused          |       |     1 |     4 ||     5
  Eat: Chunk             |     3 |     7 |     9 ||    19
Armor: Skin              |    11 |     7 |     2 ||    20
Dodge: Dodged            |    50 |    38 |    29 ||   117
